 Dungeon Crawl Stone Soup version 0.24-a0-582-g4d4af813a0 (webtiles) character file.

Game seed: 1339293905749655210

106 Gynju the Poker (level 4, 0/38 HPs)
             Began as a Centaur Chaos Knight on Aug 26, 2019.
             Was a Plaything of Xom.
             Succumbed to an adder's poison
             ... on level 2 of the Dungeon.
             The game lasted 00:05:42 (2068 turns).

Gynju the Poker (Centaur Chaos Knight)              Turns: 2068, Time: 00:05:42

Health: 0/38       AC:  6    Str: 15    XL:     4   Next: 55%
Magic:  4/4        EV:  9    Int: 13    God:    Xom [.*....]
Gold:   60         SH:  0    Dex:  9    Spells: 3/3 levels left

rFire    . . .     SeeInvis .   a - +0 spear (chaos)
rCold    . . .     Gourm    .   (no shield)
rNeg     . . .     Faith    .   b - +2 leather armour
rPois    .         Spirit   .   (no helmet)
rElec    .         Reflect  .   (no cloak)
rCorr    .         Harm     .   (no gloves)
MR       .....                  (no barding)
Stlth    ..........             (no amulet)
HPRegen  0.12/turn              (no ring)
MPRegen  0.09/turn              (no ring)

@: lethally poisoned (0 -> -9), very quick
A: large, hooves 3, blink, clever 1, deformed body, speed 2, mutation resistance
1, tough skin 3
a: Blink, Renounce Religion


You were on level 2 of the Dungeon.
You worshipped Xom.
You were a plaything of Xom.
You were hungry.

You visited 1 branch of the dungeon, and saw 2 of its levels.

You collected 60 gold pieces.

Inventory:

Hand Weapons
 a - a +0 spear of chaos (weapon)
Armour
 b - a +2 leather armour (worn)
Jewellery
 i - an uncursed ring of see invisible {unknown}
Scrolls
 d - 3 scrolls of enchant weapon {unknown}
 e - 5 scrolls of teleportation {unknown}
 h - 2 scrolls of fear {unknown}
 k - a scroll of blinking {unknown}
 l - a scroll of identify {unknown}
Potions
 f - a potion of flight {unknown}
 g - a potion of cancellation {unknown}
 j - a potion of curing {unknown}
 m - 2 potions of lignification {unknown}
Comestibles
 c - 3 rations


   Skills:
 - Level 3.0 Fighting
 + Level 4.9 Polearms
 - Level 1.3 Armour
 - Level 0.6 Dodging


You had 3 spell levels left.
You didn't know any spells.
Your spell library was empty.

Dungeon Overview and Level Annotations

Branches:
Dungeon (2/15)

Altars:
Fedhas
Xom


Innate Abilities, Weirdness & Mutations

You have hooves in place of feet.
Armour fits poorly on your strangely shaped body.
You cover ground very quickly.
You have extremely tough skin. (AC +3)
You can translocate small distances at will.
Your mind is acute. (Int +2)
You are somewhat resistant to further mutation.


Message History

You barely miss something. Your kick misses something.
You feel sick. Something bites you but does no damage. Something bites you.
* * * LOW HITPOINT WARNING * * *
You are lethally poisoned!
Something poisons you!
You closely miss something.
* * * LOW HITPOINT WARNING * * *
You feel sick. Something bites you.
* * * LOW HITPOINT WARNING * * *
You miss something. Your kick misses something.
* * * LOW HITPOINT WARNING * * *
You feel sick. Something bites you.
* * * LOW HITPOINT WARNING * * *
You miss something.
* * * LOW HITPOINT WARNING * * *
You feel sick. Something bites you.
* * * LOW HITPOINT WARNING * * *
You miss something.
You die...
Xom howls with laughter!

.......# ........ . .......
#######. #. >....# #. ...
..... %. ... ...## ..
.#........lw ###.# # ###
...#.# #.#.# ..#.#..
#####...###..g#######.#.#.#
............lK{@........#.#
.........##..w#######.#.#.#
.........?....# #(#...#
............### ###.#...#
.........$..#######.......#
.................##.......#
#######..........##.....#.#
#..........##.....#.##
#..........##.....#..#


You could see a worm, a goblin, a kobold and a frilled lizard.

Vanquished Creatures
  Jessica (D:2)
  A worker ant (D:2)
  2 adders (D:2)
  3 leopard geckos
  2 bats (D:1)
  A giant cockroach (D:2)
  8 hobgoblins
  A ball python (D:2)
  4 frilled lizards
  4 goblins
  4 kobolds
  6 rats (D:1)
37 creatures vanquished.

Notes
Turn   | Place    | Note
-------+----------+-------------------------------------------
     0 | D:1      | Gynju the Centaur Chaos Knight began the quest for the Orb.
     0 | D:1      | Reached XP level 1. HP: 19/19 MP: 1/1
    66 | D:1      | Reached skill level 3 in Polearms
   139 | D:1      | Reached XP level 2. HP: 24/26 MP: 2/2
   368 | D:1      | XOM is BORED!
   368 | D:1      | XOM: silly message
   372 | D:1      | XOM: harmless Summ miscast
   504 | D:1      | XOM: cloud trail
   672 | D:1      | XOM: scenery: create altars
   766 | D:1      | XOM: scenery: create altars
   895 | D:1      | XOM: scenery: create altars
   946 | D:2      | Reached XP level 3. HP: 31/31 MP: 3/3
   972 | D:2      | XOM: scenery: create altars
   974 | D:2      | Reached skill level 4 in Polearms
  1023 | D:2      | XOM: torment (15/31 hp)
  1161 | D:2      | XOM: summons 2 hostile shadow creatures
  1225 | D:2      | Found a blossoming altar of Fedhas.
  1225 | D:2      | XOM: 9-stop teleportation journey
  1279 | D:2      | XOM: give mutations
  1279 | D:2      | Gained mutation: Your mind is acute. (Int +2) [Xom's grace]
  1279 | D:2      | Gained mutation: You are somewhat resistant to further
                  | mutation. [Xom's grace]
  1279 | D:2      | Gained mutation: You can translocate small distances at
                  | will. [Xom's grace]
  1471 | D:2      | XOM: 2-stop teleportation journey
  1610 | D:2      | Noticed Jessica
  1613 | D:2      | XOM: potion effect (haste)
  1616 | D:2      | Killed Jessica
  1616 | D:2      | Reached XP level 4. HP: 32/38 MP: 4/4
  1841 | D:2      | XOM: mild Erth miscast
  2067 | D:2      | HP: 1/38 [something (1)]
  2068 | D:2      | Succumbed to an adder's poison

Levels and vault maps discovered:
D:1:      ncdulo_halloftheorcs, layout_basic, minmay_misc_feat_x,
          minmay_misc_feat_tiny, hangedman_decor_slide_cut,
          chequers_serial_rivers_small_b
D:2:      layout_basic, fedhas_altar_2, mrwooster_statue_mirror, st_stairs_4,
          roderic_lattice_a, uniq_natasha, uniq_terence, uniq_jessica

Skill      XL: |  1  2  3 |
---------------+----------+-----
Polearms       | 3 4 |  4.9
Fighting       | |  3.0
Armour         | |  1.3
Dodging        | |  0.6

Action                   |  1- 3 |  4- 6 || total
-------------------------+-------+-------++-------
Melee: Spear             |   105 |    31 ||   136
       Kick              |    12 |     2 ||    14
  Eat: Chunk             |     2 |       ||     2
Armor: Leather armour    |    34 |    15 ||    49
Dodge: Dodged            |    24 |     8 ||    32

Table legend:
 A = Non-vault XP
 B = Vault XP
 C = Vault XP percentage of total XP
 D = Non-vault monster count
 E = Vault monster count
 F = Vault count percentage of total count
                 A         B        C        D         E       F
            +---------+---------+-------+---------+---------+-------
      Total |     112 |      40 |  26.3 |      35 |       2 |   5.4
            +---------+---------+-------+---------+---------+-------
        D:1 |      39 |       0 |   0.0 |      25 |       0 |   0.0
        D:2 |      73 |      40 |  35.4 |      10 |       2 |  16.7
            +---------+---------+-------+---------+---------+-------
